 Dungeon Crawl Stone Soup version 0.28-a0-1506-g3893175d92 (webtiles) character file.

Game seed: 9785532387936595907

3490 sizableburger the Cudgeller (level 10, -1/90 HPs)
             Began as an Ogre Arcane Marksman on Jan 14, 2022.
             Was a Believer of Ru.
             Succumbed to a kobold brigand's poison
             ... on level 7 of the Dungeon.
             The game lasted 00:34:29 (11681 turns).

sizableburger the Cudgeller (Ogre Arcane Marksman) Turns: 11681, Time: 00:34:30

Health: -1/90      AC:  7    Str: 18    XL:     10   Next: 7%
Magic:  15/15      EV:  9    Int: 16    God:    Ru [**....]
Gold:   402        SH:  0    Dex: 15    Spells: 3/15 levels left

rFire   + + .      SeeInvis .   l - +1 flail (drain)
rCold   + . .      Faith    .   (no shield)
rNeg    . . .      Spirit   .   C - +0 acid dragon scales
rPois   .          Reflect  .   (helmet restricted)
rElec   .          Harm     .   q - scarf {rC+ rF+}
rCorr   +          Rampage  .   (gloves unavailable)
Will    +....                   (boots unavailable)
Stlth   +.........              j - amulet of the acrobat
HPRegen 0.25/turn               r - +6 ring of dexterity
MPRegen 0.14/turn               o - ring of protection from fire

@: lethally poisoned (-1 -> -20), on berserk cooldown, slowed, invisible, very
slow
A: large, unfitting armour, frail 1, tough skin 1
a: Renounce Religion


You were on level 7 of the Dungeon.
You worshipped Ru.
Ru was pleased with you.
You visited 2 branches of the dungeon, and saw 9 of its levels.

You collected 402 gold pieces.

Inventory:

Hand Weapons
 l - a +1 flail of draining (weapon)
Missiles
 g - 2 poisoned darts
 s - 265 stones
 v - 7 boomerangs (quivered)
 x - 2 large rocks
Armour
 a - +0 steam dragon scales
 q - a scarf of resistance (worn)
 C - +0 acid dragon scales (worn)
Jewellery
 j - an amulet of the acrobat (around neck)
 k - a ring of flight
 o - a ring of protection from fire (right hand)
 r - a +6 ring of dexterity (left hand)
 w - a +6 ring of strength
 y - a ring of magical power
Wands
 b - a wand of iceblast (6)
 c - a wand of flame (23)
 u - a wand of acid (1)
Scrolls
 e - a scroll of magic mapping
 f - 3 scrolls of immolation
 i - 5 scrolls of noise
 m - 3 scrolls of vulnerability
Potions
 d - 3 potions of berserk rage
 h - a potion of lignification
 n - 4 potions of attraction
 p - a potion of degeneration
 z - a potion of mutation
 B - a potion of invisibility


   Skills:
 + Level 6.5 Fighting
 + Level 6.5 Maces & Flails
 + Level 4.3 Throwing
 + Level 2.7 Armour
 - Level 1.7 Dodging
 - Level 0.3 Unarmed Combat
 - Level 3.4 Spellcasting
 - Level 6.0 Hexes
 + Level 0.7 Fire Magic
 - Level 5.8 Ice Magic


You had 3 spell levels left.
You knew the following spells:

 Your Spells              Type           Power      Damage    Failure   Level
a - Slow                  Hex            88%        N/A       1%          1
b - Inner Flame           Hex/Fire       13%        N/A       17%         3
c - Freeze                Ice            84%        1d10      2%          1
d - Frozen Ramparts       Ice            42%        1d6       6%          3
e - Cause Fear            Hex            11%        N/A       19%         4

Your spell library contained the following spells:

 Spells                   Type           Power      Damage    Failure   Level
 Portal Projectile        Hex/Tloc       24%        N/A       21%         3
 Corpse Rot               Necr/Air       4%         N/A       34%         2
 Sublimation of Blood     Necr           2%         N/A       34%         2
 Hailstorm                Conj/Ice       12%        3d5       56%         4
 Excruciating Wounds      Necr           1%         N/A       100%        5
 Death Channel            Necr           1%         N/A       100%        6


Dungeon Overview and Level Annotations

Branches:
Dungeon (8/15)             Temple (1/1) D:6
   Lair: D:8-11

Altars:
Ashenzari
Cheibriados
Dithmenos
Elyvilon
Fedhas
Gozag
Hepliaklqana
Kikubaaqudgha
Makhleb
Nemelex Xobeh
Okawaru
Qazlal
Ru
Sif Muna
Trog
Uskayaw
Vehumet
Wu Jian
Xom
Yredelemnul
The Shining One

Shops:
D:5 *


Innate Abilities, Weirdness & Mutations

You are too large for most types of armour.
You are frail. (-10% HP)
You have tough skin. (AC +1)


Message History

You feel sick.
The kobold brigand stops glowing.
The kobold brigand throws a poisoned dart.
The poisoned dart completely misses you.
The poisoned dart hits the orc!
The orc is poisoned.
Items here: ( ) ? †.
You sock the orc!
You kill the orc!
You feel sick.
You are no longer poisoned.
Things that are here:
+0 steam dragon scales; a steam dragon corpse You feel a strong urge to attack something.
You thump the kobold brigand!
The kobold brigand is heavily wounded.
You are no longer berserk.
You are exhausted.
You feel yourself slow down.
The kobold brigand hits you with a +6 spear of venom!
* * * LOW HITPOINT WARNING * * *
You are lethally poisoned!
You feel much better.
You feel extremely sick.
The kobold brigand hits you with a +6 spear of venom.
* * * LOW HITPOINT WARNING * * *
You are more poisoned.
A kobold comes into view. It is wielding a +3 vorpal hand axe.
The kobold brigand hits you with a +6 spear of venom!
* * * LOW HITPOINT WARNING * * *
You are more poisoned.
Okay, then.
Okay, then.
Okay, then.
* * * LOW HITPOINT WARNING * * *
You feel extremely sick.
Things that are here:
a +0 war axe; a potion of lignification Really quaff the potion of mutation?
Okay, then.
h - a potion of lignification You die...

##..#.........#.#.##..........
#......#......###......#######
####......#.............)## #
...#........#...........##
..<.........###........##
#............##).......#
#.............#).......#
#.............#[.....#.#
...........(....@......#
.>..............##.....#
............#....#######
..##.......##..K##.
...............##. #
.........c.##.##. .#
#..........##K#.# .#
#..........##.#c##Zc#
..........c#...#.o#


You could see a kobold brigand and a kobold (wandering).

Vanquished Creatures
  A two-headed ogre (D:7)
  Maggie (D:7)
  Prince Ribbit (D:7)
  2 steam dragons (D:7)
  2 ice beasts
  2 sky beasts
  A black bear (D:5)
  2 orc warriors (D:7)
  An ogre (D:7)
  A necrophage (D:5)
  3 centaurs
  A bullfrog (D:7)
  2 wyvern zombies
  2 scorpions
  A water moccasin zombie (D:6)
  5 centaur zombies
  A bullfrog zombie (D:7)
  A jelly (D:7)
  7 orc priests
  A hound (D:3)
  4 iguanas
  Ijyb (D:3)
  3 gnolls (D:4)
  A howler monkey skeleton (D:6)
  5 adders
  2 shadow imps (D:6)
  A white imp (D:6)
  2 adder skeletons
  33 orcs
  5 endoplasms
  A giant cockroach (D:2)
  11 goblins
  2 hobgoblins
  8 jackals
  3 quokkas
  3 ball pythons
  3 bats (D:1)
  4 frilled lizards
  8 kobolds
  5 rats
143 creatures vanquished.

Vanquished Creatures (collateral kills)
  An orc (D:7)
1 creature vanquished.

Vanquished Creatures (others)
  2 plants
2 creatures vanquished.

Grand Total: 146 creatures vanquished

Notes
Turn   | Place    | Note
-------+----------+-------------------------------------------
     0 | D:1      | sizableburger the Ogre Arcane Marksman began the quest for
                  | the Orb.
     0 | D:1      | Reached XP level 1. HP: 19/19 MP: 2/2
   279 | D:1      | Reached XP level 2. HP: 4/27 MP: 1/3
   283 | D:1      | HP: 1/27 [jackal (1)]
  1483 | D:1      | Reached XP level 3. HP: 30/35 MP: 4/4
  2996 | D:3      | Noticed a scorpion
  3004 | D:3      | Killed a scorpion
  3005 | D:3      | Reached skill level 1 in Maces & Flails
  3005 | D:3      | Reached XP level 4. HP: 45/45 MP: 3/5
  3031 | D:3      | Learned a level 3 spell: Inner Flame
  3133 | D:3      | Noticed a centaur
  3144 | D:3      | Killed a centaur
  3145 | D:3      | Reached XP level 5. HP: 41/54 MP: 6/6
  4015 | D:3      | Reached XP level 6. HP: 39/62 MP: 4/7
  4256 | D:3      | Learned a level 1 spell: Freeze
  4397 | D:3      | Noticed Ijyb
  4415 | D:3      | Killed Ijyb
  5224 | D:4      | Got the Almanac of Unholy Arts
  5782 | D:4      | Reached skill level 1 in Ice Magic
  6355 | D:4      | Noticed a steam dragon
  6771 | D:4      | Reached XP level 7. HP: 50/71 MP: 9/9
  6936 | D:5      | Entered Level 5 of the Dungeon
  7412 | D:5      | Reached skill level 5 in Fighting
  7627 | D:5      | You fall into a shaft and drop 2 floors!
  7918 | D:7      | Noticed Prince Ribbit
  7928 | D:7      | Killed Prince Ribbit
  7929 | D:7      | Reached XP level 8. HP: 83/83 MP: 8/13
  7993 | D:6      | Found a staircase to the Ecumenical Temple.
  8023 | Temple   | Entered the Ecumenical Temple
  8135 | Temple   | Became a worshipper of Ru the Awakened
  9423 | D:5      | Identified the +0 helmet of Midnight {*Corrode rElec Regen+
                  | Int+8}
  9563 | D:5      | Found Ygaol's General Store.
 10403 | D:7      | Reached skill level 5 in Maces & Flails
 10436 | D:7      | Reached XP level 9. HP: 62/91 MP: 14/14
 10779 | D:7      | Noticed Maggie
 10786 | D:7      | Killed Maggie
 10787 | D:7      | Reached skill level 5 in Hexes
 10833 | D:7      | Gained mutation: You are frail. (-10% HP) [Ru sacrifice]
 10833 | D:7      | Reached * piety under Ru
 10833 | D:7      | Reached ** piety under Ru
 10858 | D:7      | Reached skill level 5 in Ice Magic
 11161 | D:8      | Noticed a cyclops
 11217 | D:7      | Reached skill level 1 in Armour
 11551 | D:7      | Noticed a two-headed ogre
 11562 | D:7      | Killed a two-headed ogre
 11563 | D:7      | Reached XP level 10. HP: 90/90 MP: 11/15
 11595 | D:7      | Learned a level 3 spell: Frozen Ramparts
 11600 | D:7      | Learned a level 4 spell: Cause Fear
 11681 | D:7      | Succumbed to a kobold brigand's poison

Illustrated notes

Levels and vault maps discovered:
D:1:      minmay_arrival_open_corners, layout_basic
D:2:      layout_basic, kennysheep_generic_room_13
D:3:      kennysheep_goblin_castle, layout_basic, corexii_shack
D:4:      layout_cave_pools, uniq_ijyb
D:5:      layout_gridville, serial_shops, shop
D:6:      layout_gridville, minmay_temple_entry_grid
D:7:      minmay_the_grid_octo_triangle [minmay_the_grid_octo_clover,
          minmay_the_grid_octo_prize_star, minmay_the_grid_octo_checkerflower],
          layout_cave_pools, uniq_maggie, uniq_prince_ribbit1
D:8:      layout_rooms
Temple:   kilobyte_greek_temple

Skill      XL: |  1  2  3  4  5  6  7  8  9 |
---------------+----------------------------+-----
Fighting       | 2 3 4 5 6 |  6.5
Maces & Flails | 1 2 3 5 6 |  6.5
Throwing       | 3 4 |  4.3
Hexes          | 3 4 6 |  6.0
Ice Magic      | 1 2 4 5 |  5.8
Spellcasting   | 3 |  3.4
Armour         | 2 |  2.7
Dodging        | |  1.7
Unarmed Combat | |  0.3
Fire Magic     | |  0.7

Action                   |  1- 3 |  4- 6 |  7- 9 | 10-12 || total
-------------------------+-------+-------+-------+-------++-------
Melee: Unarmed           |    42 |       |       |       ||    42
       Club              |    93 |    89 |       |       ||   182
       Punch             |     2 |     3 |     4 |       ||     9
       Whip              |       |   195 |    77 |       ||   272
       Flail             |       |       |   205 |    19 ||   224
Throw: Large rock        |     9 |     9 |     3 |       ||    21
       Throwing net      |     1 |     1 |     1 |       ||     3
       Dart              |       |     9 |    17 |       ||    26
       Boomerang         |       |     2 |    13 |       ||    15
 Cast: Slow              |    11 |    24 |     8 |       ||    43
       Inner Flame       |       |     7 |    11 |       ||    18
       Freeze            |       |     1 |     1 |       ||     2
Invok: Sacrifice Health  |       |       |     1 |       ||     1
Evoke: Wand              |       |     8 |     8 |       ||    16
  Use: Scroll            |       |     3 |    10 |       ||    13
       Potion            |       |     4 |     3 |     3 ||    10
 Stab: Held in net/web   |     2 |       |       |       ||     2
       Sleeping          |     1 |       |     1 |       ||     2
       Paralysed         |       |    11 |       |       ||    11
       Distracted        |       |     1 |       |       ||     1
       Invisible         |       |       |       |     2 ||     2
Armor: Robe              |    50 |    73 |    45 |       ||   168
       Skin              |       |       |    18 |       ||    18
       Acid dragon scale |       |       |    35 |    23 ||    58
Dodge: Dodged            |    71 |   200 |   191 |    27 ||   489

Table legend: (Time is in decaauts)
 A = Elapsed time spent in this place.
 B = Non-inter-level travel time spent in this place.
 C = Inter-level travel time spent in this place.
 D = Time resting spent in this place.
 E = Time spent auto-exploring this place.
 F = Levels seen in this place.
 G = Mean time per level.
                   A        B        C        D        E       F      G
               +--------+--------+--------+--------+--------+-----+--------+
         Total |  11791 |  11366 |    425 |   4513 |   4459 |   9 | 1310.1 |
       Dungeon |  11487 |  11089 |    398 |   4321 |   4459 |   8 | 1435.9 |
        Temple |    304 |    277 |     27 |    192 |      0 |   1 |  304.0 |
               +--------+--------+--------+--------+--------+-----+--------+

Top non-repeatable levels by time:
     D:3: 3349 daAuts
     D:1: 1800 daAuts
     D:7: 1622 daAuts
     D:6: 1466 daAuts
     D:5: 1294 daAuts
     D:4: 989 daAuts
     D:2: 917 daAuts
  Temple: 304 daAuts
     D:8: 47 daAuts
